 Dungeon Crawl Stone Soup version 0.27-a0-67-g4bfc8a49e1 (webtiles) character file.

Game seed: 16894056091271984605

434 Borgoz the Ruffian (level 7, -6/58 HPs)
             Began as a Ghoul Gladiator on Jan 9, 2021.
             Mangled by Pikel
             ... wielding a +2 whip of electrocution
              (12 damage)
             ... on level 4 of the Dungeon.
             The game lasted 00:03:39 (3465 turns).

Borgoz the Ruffian (Ghoul Gladiator)                Turns: 3465, Time: 00:03:39

Health: -6/58      AC:  4    Str: 18    XL:     7   Next: 0%
Magic:  6/6        EV: 13    Int:  4    God:
Gold:   168        SH:  0    Dex: 11    Spells: 4/6 levels left

rFire    . . .     SeeInvis .     - Unarmed
rCold    + . .     Faith    .   (no shield)
rNeg     + + +     Spirit   .   a - +0 leather armour
rPois    ∞         Reflect  .   b - +0 helmet
rElec    .         Harm     .   (no cloak)
rCorr    .         Rampage  .   (no gloves)
Will     .....                  (no boots)
Stlth    +.........             r - amulet of the acrobat
HPRegen  0.00/turn              (no ring)
MPRegen  0.10/turn              (no ring)

@: mighty
A: claws 1, cold resistance 1, negative energy resistance 3, inhibited
regeneration, torment resistance, unbreathing
a: no special abilities


You were on level 4 of the Dungeon.
You visited 1 branch of the dungeon, and saw 4 of its levels.

You collected 168 gold pieces.

Inventory:

Missiles
 c - 3 throwing nets (quivered)
Armour
 a - a +0 leather armour (worn)
 b - a +0 helmet (worn)
Jewellery
 r - an amulet of the acrobat (around neck)
Scrolls
 d - a scroll of blinking {unknown}
 f - a scroll of enchant armour {unknown}
 j - 3 scrolls of teleportation {unknown}
 l - a scroll of noise {unknown}
 o - a scroll of fear {unknown}
 p - 3 scrolls of amnesia {unknown}
 q - a scroll of immolation {unknown}
Potions
 g - a potion of cancellation
 h - a potion of brilliance
 k - 3 potions of curing {unknown}
 m - a potion of mutation {unknown}
 n - a potion of lignification {unknown}


   Skills:
 + Level 3.7 Fighting
 - Level 1.7 Throwing
 + Level 2.3 Armour
 * Level 4.5 Dodging
 * Level 5.4 Unarmed Combat


You had 4 spell levels left.
You knew the following spells:

 Your Spells              Type           Power        Failure   Level
a - Blink                 Tloc           N/A          71%         2

Your spell library contained the following spells:

 Spells                   Type           Power        Failure   Level
 Magic Dart               Conj           0%           56%         1
 Call Imp                 Summ           0%           71%         2
 Slow                     Hex            0%           71%         2
 Conjure Flame            Conj/Fire      0%           90%         3
 Mephitic Cloud           Conj/Pois/Air  0%           90%         3


Dungeon Overview and Level Annotations

Branches:
Dungeon (4/15)
 Temple: D:4-7

Altars:
Gozag
Sif Muna

Annotations:
D:4 Pikel


Innate Abilities, Weirdness & Mutations

You thrive by killing the living.
You are immune to poison.
You have sharp fingernails.
Your flesh is cold resistant. (rC+)
You are immune to negative energy. (rN+++)
You do not regenerate when monsters are visible.
You are immune to unholy pain and torment.
You can survive without breathing.


Message History

* * * LOW HITPOINT WARNING * * *
Pikel barely misses you. The lemure completely misses you.
The worker ant misses you. The worker ant completely misses you.
Okay, then.
You feel much better.
Pikel hits you with a +2 whip of electrocution.
You feel very mighty all of a sudden.
Pikel hits you with a +2 whip of electrocution!
You are electrocuted!
* * * LOW HITPOINT WARNING * * *
You closely miss Pikel.
Pikel is moderately wounded.
Pikel barely misses you.
Your leather armour prevents you from hitting Pikel.
Pikel is moderately wounded.
The worker ant waves its antennae.
Pikel hits you with a +2 whip of electrocution!
* * * LOW HITPOINT WARNING * * *
You are electrocuted!
You die...

#..## ...# ...## ....
#...## ....# #....## .
.. #....#.....# .
.####.####..........#.##
.#......##.#.###@5.....#
...........##.#K##......
...........##5B5#.....##
...............5.5#.....
......####..).#.....#...
......##...............#
....#.....†......$.....#
....###................
##...###...#........$..


You could see Pikel, 4 lemures and a worker ant.

Vanquished Creatures
  An ice beast (D:4)
  2 hounds (D:4)
  A jelly (D:3)
  An iguana (D:4)
  A worker ant (D:4)
  An orc wizard (D:3)
  4 gnolls (D:4)
  7 adders
  A worm (D:3)
  2 dart slugs
  2 leopard geckos
  5 orcs
  4 giant cockroaches
  3 hobgoblins (D:3)
  6 jackals (D:1)
  6 kobolds
  A quokka (D:3)
  8 bats
  2 frilled lizards
  9 goblins
  6 rats
73 creatures vanquished.

Notes
Turn   | Place    | Note
-------+----------+-------------------------------------------
     0 | D:1      | Borgoz the Ghoul Gladiator began the quest for the Orb.
     0 | D:1      | Reached XP level 1. HP: 17/17 MP: 0/0
    98 | D:1      | Reached XP level 2. HP: 22/25 MP: 1/1
   614 | D:1      | Reached XP level 3. HP: 30/30 MP: 2/2
  1002 | D:2      | Reached skill level 1 in Armour
  1015 | D:2      | Learned a level 2 spell: Blink
  1198 | D:2      | Reached skill level 4 in Unarmed Combat
  1289 | D:2      | Reached XP level 4. HP: 14/37 MP: 3/3
  1861 | D:2      | Found a shimmering blue altar of Sif Muna.
  1981 | D:3      | Reached XP level 5. HP: 45/45 MP: 4/4
  2870 | D:4      | Found an opulent altar of Gozag.
  2880 | D:4      | Noticed an ice beast
  2888 | D:4      | Killed an ice beast
  2889 | D:4      | Reached skill level 5 in Unarmed Combat
  2889 | D:4      | Reached XP level 6. HP: 28/51 MP: 5/5
  3351 | D:4      | Reached XP level 7. HP: 40/58 MP: 6/6
  3448 | D:4      | Noticed Pikel
  3465 | D:4      | Mangled by Pikel

Illustrated notes

Levels and vault maps discovered:
D:1:      psy_arrival_whirlpool, layout_loops_cross, serial_park_tiny_pond
D:2:      layout_loops_ring, lemuel_blue_sif_altar
D:3:      layout_rooms
D:4:      layout_cave_pools, kennysheep_little_box, makhleb_grotto_becter,
          lemuel_doored_altar, minitemple, goddamned_bats, uniq_pikel,
          uniq_sigmund

Skill      XL: |  1  2  3  4  5 |
---------------+----------------+-----
Dodging        | 3 4 |  4.5
Armour         | 1 2 |  2.3
Unarmed Combat | 4 5 |  5.4
Fighting       | 3 |  3.7
Throwing       | |  1.7

Action                   |  1- 3 |  4- 6 |  7- 9 || total
-------------------------+-------+-------+-------++-------
Melee: Unarmed           |   138 |   167 |     7 ||   312
       Punch             |       |     1 |       ||     1
Throw: Throwing net      |       |     1 |       ||     1
  Use: Scroll            |       |     4 |       ||     4
       Potion            |       |       |     2 ||     2
Armor: Leather armour    |    30 |    43 |     4 ||    77
Dodge: Dodged            |    90 |   122 |    15 ||   227

Table legend: (Time is in decaauts)
 A = Elapsed time spent in this place.
 B = Non-inter-level travel time spent in this place.
 C = Inter-level travel time spent in this place.
 D = Time resting spent in this place.
 E = Time spent auto-exploring this place.
 F = Levels seen in this place.
 G = Mean time per level.
                   A        B        C        D        E       F      G
               +--------+--------+--------+--------+--------+-----+--------+
         Total |   3441 |   3405 |     36 |   1498 |   1356 |   4 |  860.2 |
       Dungeon |   3441 |   3405 |     36 |   1498 |   1356 |   4 |  860.2 |
               +--------+--------+--------+--------+--------+-----+--------+

Top non-repeatable levels by time:
     D:1: 944 daAuts
     D:2: 932 daAuts
     D:3: 793 daAuts
     D:4: 771 daAuts
